 Dungeon Crawl Stone Soup version 0.31-a0-1547-g618ab1f346 (webtiles) character file.

Game seed: 11003765215876932980

20 Bnni the Digger (level 3, -1/25 HPs)
             Began as a Formicid Earth Elementalist on Jan 2, 2024.
             Was an Initiate of Cheibriados.
             Slain by Terence
             ... wielding a +0 mace of holy wrath
              (3 damage)
             ... on level 2 of the Dungeon.
             The game lasted 00:01:47 (947 turns).

Bnni the Digger (Formicid Earth Elementalist)        Turns: 947, Time: 00:01:48

Health: -1/25      AC:  3    Str: 13    XL:     3   Next: 0%
Magic:  0/6        EV: 12    Int: 17    God:    Cheibriados [......]
Gold:   99         SH:  0    Dex: 15    Spells: 5/6 levels left

rFire   . . .        c - +0 trident
rCold   . . .        (no shield)
rNeg    . . .        a - +0 robe
rPois   .            (helmet unavailable)
rElec   .            (no cloak)
rCorr   +            (no gloves)
SInv    +            h - +0 pair of boots
Will    .....        (no amulet)
Stlth   ++           k - ring of resist corrosion
HPRegen 0.24/turn    (no ring)
MPRegen 0.10/turn

%: no passive effects
@: very slow
A: permanent stasis, dig shafts and tunnels, antennae 3, four strong arms
a: Dig, Shaft Self, Renounce Religion


You were on level 2 of the Dungeon.
You worshipped Cheibriados.
Cheibriados was noncommittal.
You visited 1 branch of the dungeon, and saw 2 of its levels.

You collected 99 gold pieces.

Inventory:

Hand Weapons
 c - a +0 trident (weapon)
Armour
 a - a +0 robe (worn)
 g - a +0 ring mail
 h - a +0 pair of boots (worn)
Jewellery
 k - a ring of resist corrosion (left hand)
Scrolls
 d - a scroll of identify {unknown}
 f - a scroll of noise {unknown}
 i - a scroll of acquirement {unknown}
 j - a scroll of poison {unknown}
Potions
 b - 2 potions of magic
 e - 2 potions of curing {unknown}


   Skills:
 + Level 0.6 Fighting
 - Level 1.7 Dodging
 - Level 2.4 Stealth
 + Level 2.3 Spellcasting
 * Level 1.5 Conjurations
 * Level 4.1 Earth Magic
 + Level 0.2 Invocations


You had 5 spell levels left.
You knew the following spells:

 Your Spells              Type           Power      Damage    Failure   Level
a - Sandblast             Erth           32%        2d9       3%          1

Your spell library contained the following spells:

 Spells                   Type           Power      Damage    Failure   Level
 Passwall                 Erth           16%        N/A       11%         3
 Stone Arrow              Conj/Erth      22%        3d8       19%         3
 Brom's Barrelling Bould  Conj/Erth      11%        2d3       52%         4
 Petrify                  Alch/Erth      9%         N/A       63%         4


Dungeon Overview and Level Annotations

Branches:
Dungeon (2/15)

Altars:
Cheibriados

Annotations:
D:2 Terence


Innate Abilities, Weirdness & Mutations

You cannot be hasted, slowed, berserked, paralysed or teleported.
You can dig through walls and to a lower floor.
You have a pair of large antennae on your head. (SInv)
Your four strong arms can wield two-handed weapons with a shield.


Message History

Terence hits you with a +0 mace of holy wrath.
Terence attacks as he pursues you! Terence barely misses you.
Aiming: Sandblast (safe; 3% risk of failure)
Press: ? - help, Q - select action, (/) - cycle Shift-Dir - straight line, f - Terence
Aim: Terence, wielding a +0 mace of holy wrath and wearing a +0 scale mail (84% to hit)
The blast of sand hits Terence.
Terence is lightly wounded.
Terence barely misses you. Terence misses you.
Aiming: Sandblast (safe; 3% risk of failure)
Press: ? - help, Q - select action, (/) - cycle Shift-Dir - straight line, f/p - Terence
Aim: Terence, wielding a +0 mace of holy wrath and wearing a +0 scale mail (lightly wounded, 84% to hit)
The blast of sand hits Terence but does no damage.
Terence is lightly wounded.
Terence hits you but does no damage.
Aiming: Sandblast (safe; 3% risk of failure)
Press: ? - help, Q - select action, (/) - cycle Shift-Dir - straight line, f/p - Terence
Aim: Terence, wielding a +0 mace of holy wrath and wearing a +0 scale mail (lightly wounded, 84% to hit)
The blast of sand hits Terence!
Terence is severely wounded.
Terence closely misses you. Terence misses you.
Unknown command.
You don't have enough magic to cast this spell.
Unknown command.
You barely miss Terence.
Terence is severely wounded.
Terence hits you with a +0 mace of holy wrath.
You barely miss Terence.
Terence is severely wounded.
Terence closely misses you.
You barely miss Terence.
Terence is severely wounded.
Terence hits you with a +0 mace of holy wrath.
Terence hits you with a +0 mace of holy wrath!
* * * LOW HITPOINT WARNING * * *
Unknown command.
You hit Terence.
Terence is severely wounded.
Terence hits you with a +0 mace of holy wrath.
You die...
Terence says, "That felt goooood."

#..# ###....####. #..#
#............ #..#
#......####.. { #..#
#.._........ #..#
#......####.
#######..#####......#
............†.....#.....
#######.########@#######
#.########@#
#...<......#
#.########## #.# #.# ###


You could see Terence.

Vanquished Creatures
  An endoplasm (D:1)
  A giant cockroach (D:2)
  2 hobgoblins
  3 jackals (D:2)
  5 kobolds (D:1)
  A ball python (D:1)
  A bat (D:1)
  A frilled lizard (D:1)
  A goblin (D:1)
  4 rats
20 creatures vanquished.

Notes
Turn   | Place    | Note
-------+----------+-------------------------------------------
     0 | D:1      | Bnni the Formicid Earth Elementalist began the quest for
                  | the Orb.
     0 | D:1      | Reached XP level 1. HP: 13/13 MP: 3/3
   149 | D:1      | Reached skill level 1 in Conjurations
   353 | D:1      | Reached XP level 2. HP: 20/20 MP: 1/5
   840 | D:2      | Found a snail-covered altar of Cheibriados.
   846 | D:2      | Reached skill level 4 in Earth Magic
   860 | D:2      | Became a worshipper of Cheibriados the Contemplative
   922 | D:2      | Noticed Terence
   925 | D:2      | Reached XP level 3. HP: 23/25 MP: 0/6
   947 | D:2      | Slain by Terence

Illustrated notes

Levels and vault maps discovered:
D:1:      giann_wishing_wells, layout_basic, dreamdust_wishing_well
D:2:      minmay_chambers_of_ones, layout_basic, serial_shops, shop_statue,
          basic_altar, amcnicky_mini_rare_corridor_liquid, uniq_terence

Skill      XL: |  1  2 |
---------------+-------+-----
Conjurations   | 1 |  1.5
Earth Magic    | 4 |  4.1
Fighting       | |  0.6
Dodging        | |  1.7
Stealth        | |  2.4
Spellcasting   | |  2.3
Invocations    | |  0.2

Action                     || total
---------------------------++-------
  Melee: Trident           ||     5
   Cast: Sandblast         ||    29
 Armour: Robe              ||    13
  Dodge: Dodged            ||    16

Table legend: (Time is in decaauts)
 A = Elapsed time spent in this place.
 B = Non-inter-level travel time spent in this place.
 C = Inter-level travel time spent in this place.
 D = Time resting spent in this place.
 E = Time spent auto-exploring this place.
 F = Levels seen in this place.
 G = Mean time per level.
                   A        B        C        D        E       F      G
               +--------+--------+--------+--------+--------+-----+--------+
         Total |    969 |    946 |     23 |      0 |    769 |   2 |  484.5 |
       Dungeon |    969 |    946 |     23 |      0 |    769 |   2 |  484.5 |
               +--------+--------+--------+--------+--------+-----+--------+

Top non-repeatable levels by time:
     D:1: 835 daAuts
     D:2: 134 daAuts
